[Event "December 12 Early 2023"]
[Site "https://www.chess.com"]
[Date "2023.12.12"]
[Round "11"]
[White "Gabrielian, Artur"]
[Black "Iskusnyh, Sergei"]
[Result "1-0"]
[Board "41"]
[TimeControl "180+1"]
[WhiteFideId "4131002"]
[BlackFideId "4120027"]
[WhiteElo "2746"]
[BlackElo "2585"]
[WhiteTeam "RUS"]
[BlackTeam "RUS"]
[WhiteClock "0:01:55"]
[BlackClock "0:00:10"]

1. e4 e6 2. d4 d5 3. Bd3 c5 4. exd5 exd5 5. Nf3 Nf6 6. O-O Nc6 7. Re1+ Be7 8. dxc5 O-O 9. Bg5 Bxc5 10. Nc3 Be6 11. h3 h6 12. Bh4 a6 13. Qd2 Rc8 14. Rad1 Be7 15. Ne2 Qb6 16. Nf4 Nb4 17. Nxe6 fxe6 18. Bg6 Ne4 19. Rxe4 dxe4 20. Bxe7 exf3 21. Qxb4 Qxb4 22. Bxb4 Rf4 23. Bc3 fxg2 24. Rd7 Rxc3 25. bxc3 Rf6 26. Rd8+ 1-0

[Event "December 12 Early 2023"]
[Site "https://www.chess.com"]
[Date "2023.12.12"]
[Round "11"]
[White "Principe, Gerson"]
[Black "Mindlin, Alon"]
[Result "0-1"]
[Board "42"]
[TimeControl "180+1"]
[WhiteFideId "3804550"]
[BlackFideId "2800071"]
[WhiteElo "2628"]
[BlackElo "2728"]
[WhiteTeam "PER"]
[BlackTeam "ISR"]
[WhiteClock "0:00:04"]
[BlackClock "0:01:35"]

1. d4 Nf6 2. Nf3 d5 3. e3 c5 4. Be2 Nc6 5. O-O Bg4 6. Nbd2 e6 7. b3 Bd6 8. Bb2 cxd4 9. exd4 O-O 10. c4 Rc8 11. c5 Bf4 12. a3 a5 13. g3 Bh6 14. Ne1 Bh3 15. Ng2 b6 16. Ba6 Rb8 17. Bb5 Ne7 18. c6 Ne8 19. a4 Nc7 20. Qe2 Re8 21. Nf3 Bg4 22. Ne3 Bh5 23. Kg2 Nc8 24. h4 Nd6 25. g4 Bxe3 26. gxh5 Bh6 27. Bc1 Bxc1 28. Raxc1 Nf5 29. Rh1 Qf6 30. Ne5 Nxd4 31. Qe3 Nf5 32. Qe2 Nxh4+ 33. Kf1 Qf4 34. Rd1 Nf5 35. Kg2 Nd4 36. Qe3 Qxe3 37. fxe3 Ndxb5 38. axb5 Nxb5 39. Rc1 Rbc8 40. Nd7 Na7 41. c7 Nb5 42. h6 Rxc7 43. hxg7 Rxd7 0-1

[Event "December 12 Early 2023"]
[Site "https://www.chess.com"]
[Date "2023.12.12"]
[Round "11"]
[White "Rogov, Matfey"]
[Black "Kosteniuk, Alexandra"]
[Result "0-1"]
[Board "43"]
[TimeControl "180+1"]
[WhiteFideId "44191308"]
[BlackFideId "4128125"]
[WhiteElo "2540"]
[BlackElo "2708"]
[WhiteTeam "RUS"]
[BlackTeam "SUI"]
[WhiteClock "0:00:02"]
[BlackClock "0:00:21"]

1. e4 c6 2. d4 d5 3. f3 e6 4. Nc3 Bb4 5. a3 Bxc3+ 6. bxc3 Nf6 7. e5 Nfd7 8. f4 c5 9. Nf3 Nc6 10. a4 b6 11. Be2 Bb7 12. O-O Qc7 13. Kh1 Ne7 14. a5 bxa5 15. Ba3 Nf5 16. Bb5 Bc6 17. Qe2 O-O 18. Bd3 Rfe8 19. g4 Nh6 20. Nh4 c4 21. Bxh7+ Kxh7 22. Rg1 g6 23. Rg3 Kg7 24. Rag1 Rh8 25. f5 Rae8 26. Qf3 Nxe5 27. dxe5 d4 28. Bd6 Qb7 29. fxg6 fxg6 30. Rf1 Bxf3+ 31. Rgxf3 Rhf8 32. Kg1 Rxf3 33. Nxf3 dxc3 34. h3 Nf7 35. Bc5 Qd5 36. Be3 Nxe5 37. Ng5 Rf8 38. Re1 Nf3+ 39. Nxf3 Rxf3 40. Bxa7 Rg3+ 41. Kf2 Qg2# 0-1

[Event "December 12 Early 2023"]
[Site "https://www.chess.com"]
[Date "2023.12.12"]
[Round "11"]
[White "Nagare Kaivalya Sandip"]
[Black "Erzhanov, Arman"]
[Result "1-0"]
[Board "44"]
[TimeControl "180+1"]
[WhiteFideId "25957929"]
[BlackFideId "4138821"]
[WhiteElo "2684"]
[BlackElo "2536"]
[WhiteTeam "IND"]
[BlackTeam "KAZ"]
[WhiteClock "0:00:49"]
[BlackClock "0:00:03"]

1. e4 d6 2. d4 Nf6 3. Nc3 c6 4. Bc4 d5 5. exd5 cxd5 6. Bb5+ Nc6 7. Nf3 Bg4 8. h3 Bxf3 9. Qxf3 e6 10. O-O a6 11. Bxc6+ bxc6 12. Na4 Ne4 13. c4 Be7 14. Nc3 Nxc3 15. bxc3 O-O 16. Bf4 Qa5 17. Rfb1 dxc4 18. Rb7 Bf6 19. Bd6 Rfd8 20. Bc7 Qd5 21. Bxd8 Qxf3 22. gxf3 Rxd8 23. Rab1 Rd5 24. Rb8+ Bd8 25. Rc8 Kf8 26. Rxc6 a5 27. Rxc4 g6 28. Rb8 Kg7 29. Rc5 Rd7 30. Rxd8 Rxd8 31. Rxa5 Rc8 32. Rc5 Ra8 33. Rc7 Rxa2 34. Kg2 Rd2 35. Kg3 Kf6 36. h4 h5 37. Rc8 Ke7 38. f4 Rd3+ 39. Kg2 Kf6 40. Rc7 Kg7 41. f3 Rd2+ 42. Kg3 Kf6 43. Rd7 Rc2 44. Rc7 Rd2 45. Rc5 Ke7 46. f5 gxf5 47. Kf4 Kf6 48. Rc8 Rh2 49. Kg3 Rd2 50. Kf4 Rh2 51. c4 Rxh4+ 52. Ke3 Rh1 53. c5 h4 54. Rh8 h3 55. Kf4 Rd1 56. Ke3 Rh1 57. Kd2 h2 58. c6 Ra1 59. c7 Ra2+ 60. Kd3 Ra3+ 61. Kc4 Ra1 62. Kb5 Rc1 63. Kb6 Ke7 64. Rxh2 Kd7 65. Rh7 Rb1+ 66. Kc5 Rc1+ 67. Kb4 Kxc7 68. Rxf7+ Kd6 69. Ra7 Rf1 70. Ra3 Kd5 71. Re3 f4 72. Re5+ Kxd4 73. Re4+ Kd5 74. Rxf4 e5 75. Rf8 Re1 76. Kc3 e4 77. f4 Re3+ 78. Kd2 Rf3 79. Ke2 Rb3 80. Re8 Rb2+ 81. Ke3 Rb3+ 82. Kf2 Rb2+ 83. Kg3 Rb3+ 84. Kg4 e3 85. Kf3 Kd4 86. Rd8+ Kc5 87. f5 Kc6 88. Rd4 Rb7 89. Kxe3 Rd7 90. Re4 Kd6 91. Kf4 Re7 92. Rd4+ Kc5 93. Rd1 Kc6 94. f6 Rd7 95. Rxd7 Kxd7 96. Kf5 Ke8 97. Kg6 Kf8 98. f7 Ke7 99. Kg7 Kd6 100. f8=Q+ 1-0

[Event "December 12 Early 2023"]
[Site "https://www.chess.com"]
[Date "2023.12.12"]
[Round "11"]
[White "Goltsev, Dmitry"]
[Black "Durucay, Uygar"]
[Result "0-1"]
[Board "45"]
[TimeControl "180+1"]
[WhiteFideId "24176710"]
[BlackFideId "44591560"]
[WhiteElo "2674"]
[BlackElo "2519"]
[WhiteTeam "RUS"]
[BlackTeam "TUR"]
[WhiteClock "0:00:05"]
[BlackClock "0:00:29"]

1. e4 c6 2. d4 d5 3. Nc3 dxe4 4. Nxe4 Nf6 5. Ng3 h5 6. h4 Bg4 7. f3 Be6 8. c3 g6 9. Bd3 Bg7 10. N1e2 Nbd7 11. Nf4 Nf8 12. Nxe6 Nxe6 13. Qb3 Qc7 14. Ne2 Nd5 15. g3 O-O 16. Bd2 b5 17. O-O-O a5 18. a3 b4 19. c4 Nb6 20. Be3 bxa3 21. Qxa3 a4 22. f4 Rfd8 23. f5 Nxd4 24. fxg6 Nb3+ 25. Kb1 Rxd3 26. gxf7+ Kf8 27. Rxd3 Nxc4 28. Qb4 Nxb2 29. Rc3 Rb8 30. Rxc6 Qe5 31. Rb6 Rxb6 32. Qxb6 Qe4+ 33. Ka2 Qxh1 34. Qb8+ Kxf7 35. Qf4+ Kg8 36. Qb8+ Kh7 37. Bg1 Qd5 38. Qc8 Nd2+ 39. Ka1 Nd1+ 40. Bd4 Bxd4+ 41. Nc3 Bxc3+ 42. Qxc3 Nxc3 43. Kb2 Qb3+ 44. Kc1 Nde4 45. g4 Qb1# 0-1

[Event "December 12 Early 2023"]
[Site "https://www.chess.com"]
[Date "2023.12.12"]
[Round "11"]
[White "Timerkhanov, Alexander"]
[Black "Shevchuk, Olexandr"]
[Result "1/2-1/2"]
[Board "46"]
[TimeControl "180+1"]
[WhiteFideId "24177938"]
[BlackFideId "14113775"]
[WhiteElo "2673"]
[BlackElo "2502"]
[WhiteTeam "RUS"]
[BlackTeam "UKR"]
[WhiteClock "0:00:13"]
[BlackClock "0:00:15"]

1. d4 d5 2. Bf4 e6 3. e3 Bd6 4. Bg3 Nf6 5. Nd2 c5 6. c3 O-O 7. Ngf3 b6 8. Bd3 Ba6 9. Bxa6 Nxa6 10. O-O Nb8 11. Ne5 Qc7 12. Qe2 Nc6 13. f4 Ne7 14. Bh4 Ne4 15. Nxe4 dxe4 16. Bxe7 Qxe7 17. Qc2 f5 18. Qb3 Bxe5 19. fxe5 cxd4 20. cxd4 Qd7 21. Rac1 g6 22. Rc3 Rfc8 23. Rfc1 Rxc3 24. Qxc3 Kf8 25. Qc7 Ke8 26. Qc4 Rd8 27. g3 h6 28. a4 Rb8 29. Qc7 Rd8 30. b3 Ke7 31. Kf2 g5 32. Ke2 Ke8 33. h4 Qe7 34. Qxe7+ Kxe7 35. hxg5 hxg5 36. Rh1 Rc8 37. Rh7+ Kd8 38. Kd2 Rc7 39. Rh8+ Kd7 40. Rg8 g4 41. Rg6 Ke7 42. Rh6 Kd7 43. Rh8 Ke7 44. Rh7+ Kd8 45. Rh6 Ke7 46. Rh5 Kd7 47. Rh6 Ke7 48. Rh8 Kd7 49. Rf8 Ke7 50. Rg8 Kd7 51. Rg6 Ke7 52. Rf6 Rd7 53. Rh6 Rc7 1/2-1/2

[Event "December 12 Early 2023"]
[Site "https://www.chess.com"]
[Date "2023.12.12"]
[Round "11"]
[White "JG-17"]
[Black "Schnaider, Ilan"]
[Result "0-1"]
[Board "47"]
[TimeControl "180+1"]
[BlackFideId "169013"]
[WhiteElo "2496"]
[BlackElo "2663"]
[BlackTeam "ARG"]
[WhiteClock "0:00:20"]
[BlackClock "0:01:02"]

1. e4 c5 2. Nf3 d6 3. d4 cxd4 4. Nxd4 Nf6 5. Nc3 a6 6. h3 Nc6 7. g4 g6 8. Bg2 Bg7 9. Be3 Bd7 10. Qd2 Ne5 11. b3 Rc8 12. f4 Nc6 13. O-O-O Qa5 14. Kb1 Nb4 15. a4 Qc7 16. Ncb5 axb5 17. Qxb4 bxa4 18. bxa4 e5 19. fxe5 dxe5 20. Nb5 Qxc2+ 21. Ka1 Bf8 22. Nd6+ Bxd6 23. Rxd6 Qxg2 24. Rhd1 O-O 25. Rxf6 Be6 26. Bh6 Qa2# 0-1

[Event "December 12 Early 2023"]
[Site "https://www.chess.com"]
[Date "2023.12.12"]
[Round "11"]
[White "Seemann, Jakub"]
[Black "Mazurkiewicz, Michal"]
[Result "1-0"]
[Board "48"]
[TimeControl "180+1"]
[WhiteFideId "21874697"]
[BlackFideId "1124943"]
[WhiteElo "2659"]
[BlackElo "2463"]
[WhiteTeam "POL"]
[BlackTeam "POL"]
[WhiteClock "0:00:57"]
[BlackClock "0:00:00"]

1. c4 Nf6 2. Nc3 g6 3. g3 Bg7 4. Bg2 O-O 5. d4 d6 6. Nf3 c5 7. O-O cxd4 8. Nxd4 Qa5 9. h3 Nc6 10. Nxc6 bxc6 11. Bxc6 Rb8 12. Bg2 Be6 13. Qd3 Rfc8 14. b3 Nd7 15. Bd2 Qh5 16. g4 Qh4 17. Rac1 Ne5 18. Qg3 Qxg3 19. fxg3 Nc6 20. Bxc6 Rxc6 21. Nd5 Kf8 22. Bc3 Bh6 23. Nf4 Bd7 24. Rcd1 a5 25. Bxa5 Ra8 26. Bc3 Rxa2 27. Ra1 Rca6 28. Nd5 Rxa1 29. Rxa1 Rxa1+ 30. Bxa1 Bc6 31. Bd4 e6 32. Nc3 Bd2 33. Na2 Ke8 34. Kf2 Kd7 35. Be3 Bxe3+ 36. Kxe3 g5 37. Nc3 Bg2 38. h4 h6 39. hxg5 hxg5 40. Ne4 Bh3 41. Kf3 f5 42. gxf5 Bxf5 43. Nxg5 Bc2 44. b4 Bb3 45. c5 dxc5 46. bxc5 Kc6 47. Ne4 Kd5 48. Kf4 Bc2 49. g4 e5+ 50. Ke3 Bxe4 51. c6 Bf3 52. exf3 Kxc6 53. Ke4 Kd6 54. Kf5 Kd5 55. g5 e4 56. fxe4+ 1-0

[Event "December 12 Early 2023"]
[Site "https://www.chess.com"]
[Date "2023.12.12"]
[Round "11"]
[White "yaguigor"]
[Black "Manukyan, Sargis A."]
[Result "1-0"]
[Board "49"]
[TimeControl "180+1"]
[BlackFideId "13303970"]
[WhiteElo "2458"]
[BlackElo "2644"]
[BlackTeam "ARM"]
[WhiteClock "0:00:11"]
[BlackClock "0:00:10"]

1. e4 c5 2. Nf3 d6 3. d4 cxd4 4. Nxd4 Nf6 5. Nc3 g6 6. Be3 Bg7 7. f3 O-O 8. Qd2 Nc6 9. O-O-O d5 10. Qe1 e5 11. Nxc6 bxc6 12. exd5 Nxd5 13. Bc4 Be6 14. Kb1 Rb8 15. Ne4 Qc7 16. Bc5 Rfc8 17. Bd6 Qb6 18. Bxb8 Rxb8 19. Bb3 a5 20. Qf2 Ne3 21. Rd3 Bh6 22. Re1 a4 23. Rexe3 axb3 24. Rxb3 Rd8 25. Red3 Rxd3 26. Rxd3 Qa5 27. b3 Bf8 28. Qh4 h5 29. Qd8 Qe1+ 30. Rd1 Qe2 31. Qd2 Qa6 32. Qd3 Qa5 33. h3 Bf5 34. g4 hxg4 35. hxg4 Bxe4 36. Qxe4 Bb4 37. c4 Bc3 38. Qd3 Bd4 39. Qd2 Qa3 40. f4 c5 41. fxe5 Bxe5 42. Rf1 Bd4 43. Qe2 Kg7 44. g5 Qa7 45. Qf3 Qd7 46. Qd5 Qe7 47. a4 f5 48. gxf6+ Bxf6 49. Qd3 Qe5 50. Rxf6 Kxf6 51. Kc2 g5 52. Qc3 g4 53. Qxe5+ Kxe5 54. a5 g3 55. a6 g2 56. a7 g1=Q 57. a8=Q Qf2+ 58. Kb1 Qe1+ 59. Kc2 Qe2+ 60. Kc1 Kd4 61. Qh8+ Kd3 62. Qh3+ Kd4 63. Kb1 Qd1+ 64. Kb2 Qd2+ 65. Kb1 Qf2 66. Kc1 Ke4 67. Qc3 Kf5 68. Qc2+ Qxc2+ 69. Kxc2 Ke4 70. Kc3 Ke5 71. b4 Kd6 72. b5 Ke5 73. Kb3 Kd6 74. Ka4 Kc7 75. Ka5 Kb7 76. b6 Kc6 77. Ka6 1-0

[Event "December 12 Early 2023"]
[Site "https://www.chess.com"]
[Date "2023.12.12"]
[Round "11"]
[White "Ovetchkin, Roman"]
[Black "Zeneli, Klendi"]
[Result "1-0"]
[Board "50"]
[TimeControl "180+1"]
[WhiteFideId "4119991"]
[BlackFideId "4706609"]
[WhiteElo "2634"]
[BlackElo "2404"]
[WhiteTeam "RUS"]
[BlackTeam "ALB"]
[WhiteClock "0:01:26"]
[BlackClock "0:01:08"]

1. d4 d5 2. c4 c6 3. Nf3 Nf6 4. Qc2 dxc4 5. e4 b5 6. b3 cxb3 7. axb3 Bb7 8. e5 Nd5 9. e6 Qd6 10. exf7+ Kxf7 11. Bd2 Nd7 12. Bd3 N5f6 13. O-O e6 14. Nc3 a6 15. Rfe1 c5 16. Ng5+ Kg8 17. Rxe6 Qc7 18. Nce4 Bd5 19. Rexa6 Rxa6 20. Rxa6 Ng4 21. Ng3 c4 22. Bxh7+ 1-0

[Event "December 12 Early 2023"]
[Site "https://www.chess.com"]
[Date "2023.12.12"]
[Round "11"]
[White "Kamsky, Gata"]
[Black "Womacka, Mathias"]
[Result "0-1"]
[Board "51"]
[TimeControl "180+1"]
[WhiteFideId "2000024"]
[BlackFideId "4611390"]
[WhiteElo "2871"]
[BlackElo "2539"]
[WhiteTeam "USA"]
[BlackTeam "GER"]
[WhiteClock "0:00:00"]
[BlackClock "0:00:39"]

1. Nf3 c5 2. g3 Nc6 3. Bg2 g6 4. O-O Bg7 5. d3 e5 6. c4 Nge7 7. Nc3 d6 8. Ne1 Be6 9. Nc2 d5 10. cxd5 Nxd5 11. Ne3 Nde7 12. Ne4 b6 13. Ng5 Bd7 14. Bd2 O-O 15. a3 a5 16. a4 Rb8 17. Bc3 Nd4 18. Nc4 Nec6 19. Ne4 Bg4 20. f3 Be6 21. e3 Nf5 22. Qe2 Qc7 23. Ng5 Bd7 24. f4 exf4 25. gxf4 Rfe8 26. e4 Nfd4 27. Qf2 h6 28. Nh3 Nb4 29. Kh1 Nxd3 30. Qg3 Nb4 31. Ng1 Bc6 32. e5 Bxg2+ 33. Qxg2 Rbd8 34. Nf3 Ndc2 0-1

[Event "December 12 Early 2023"]
[Site "https://www.chess.com"]
[Date "2023.12.12"]
[Round "11"]
[White "Kazakouski, Valery"]
[Black "Semenova, Alina"]
[Result "1-0"]
[Board "52"]
[TimeControl "180+1"]
[WhiteFideId "13507443"]
[BlackFideId "24113875"]
[WhiteElo "2823"]
[BlackElo "2250"]
[WhiteTeam "LTU"]
[BlackTeam "RUS"]
[WhiteClock "0:02:19"]
[BlackClock "0:01:48"]

1. Nf3 Nf6 2. c4 e6 3. g3 d5 4. Bg2 Be7 5. O-O O-O 6. b3 Nbd7 7. Bb2 b6 8. Nc3 Bb7 9. e3 c5 10. Qe2 a6 11. Rad1 dxc4 12. bxc4 Qc7 13. Ne1 Bxg2 14. Nxg2 Rfd8 15. g4 Nf8 16. h4 N6d7 17. f4 Nb8 18. h5 Nc6 19. h6 g6 20. Ne4 f5 21. Nf6+ Bxf6 22. Bxf6 Rd7 23. Nh4 Nb4 24. d3 b5 25. gxf5 exf5 26. Nxf5 gxf5 27. Qg2+ Ng6 28. Qxa8+ 1-0

[Event "December 12 Early 2023"]
[Site "https://www.chess.com"]
[Date "2023.12.12"]
[Round "11"]
[White "Santos Flores, Alberto"]
[Black "Finek, Vaclav"]
[Result "0-1"]
[Board "53"]
[TimeControl "180+1"]
[WhiteFideId "3601234"]
[BlackFideId "23718293"]
[WhiteElo "2564"]
[BlackElo "2816"]
[WhiteTeam "ECU"]
[BlackTeam "CZE"]
[WhiteClock "0:00:16"]
[BlackClock "0:01:13"]

1. e4 c6 2. c3 d5 3. exd5 cxd5 4. d4 Nc6 5. Bd3 g6 6. Bf4 Bf5 7. Bxf5 gxf5 8. Nf3 e6 9. O-O Bd6 10. Bxd6 Qxd6 11. Nbd2 Nf6 12. Re1 O-O 13. Ne5 Ne7 14. f3 Ng6 15. Nf1 Nd7 16. Nxd7 Qxd7 17. Ng3 Qd6 18. Nh5 Nf4 19. Ng3 Kh8 20. Qd2 Rg8 21. Re5 Ng6 22. Ree1 f4 23. Nh5 Nh4 24. Kh1 Rxg2 25. Qxf4 Qxf4 26. Nxf4 Rxb2 27. Reb1 Rxb1+ 28. Rxb1 b6 29. Ng2 Nf5 30. Kg1 Rc8 31. Rb3 Kg7 32. Kf2 Kf6 33. Ne3 Nxe3 34. Kxe3 Ke7 35. Kd3 Kd6 36. Ra3 Rc7 37. Rb3 Kc6 38. Rb2 Rc8 39. Rg2 Kd6 40. Rg7 Ke7 41. Rxh7 Rg8 42. h4 Rg2 43. a4 Ra2 44. h5 Rxa4 45. h6 Ra2 46. Rh8 Kf6 47. Rg8 Rh2 48. Ra8 a5 49. Rb8 Rxh6 50. Rxb6 Rh3 51. Ke3 Rh2 52. Ra6 Ra2 53. Kf4 Ra3 54. Ra7 Rxc3 55. Rxa5 Rd3 56. Ra3 Rxa3 0-1

[Event "December 12 Early 2023"]
[Site "https://www.chess.com"]
[Date "2023.12.12"]
[Round "11"]
[White "Shuvalova, Polina"]
[Black "Hajiyev, Kanan"]
[Result "0-1"]
[Board "54"]
[TimeControl "180+1"]
[WhiteFideId "24171760"]
[BlackFideId "13404148"]
[WhiteElo "2749"]
[BlackElo "2559"]
[WhiteTeam "RUS"]
[BlackTeam "AZE"]
[WhiteClock "0:00:00"]
[BlackClock "0:00:07"]

1. e4 c6 2. d4 d5 3. exd5 cxd5 4. Bd3 a6 5. c3 Nc6 6. Bf4 Nf6 7. Nd2 g6 8. Ngf3 Bg7 9. O-O O-O 10. Re1 Bf5 11. Qe2 Bxd3 12. Qxd3 e6 13. Ne5 Nxe5 14. Bxe5 Ne8 15. g3 Nd6 16. Bxd6 Qxd6 17. Nf3 b5 18. a3 Rab8 19. h4 a5 20. b4 Rfc8 21. Rac1 Qc6 22. h5 Qc4 23. Qd2 Qb3 24. h6 Bh8 25. Re3 Qxa3 26. Rce1 Qa4 27. bxa5 Qxa5 28. Ng5 b4 29. cxb4 Qxb4 30. Qe2 Bxd4 31. Rxe6 Qf8 32. Re7 Rb2 33. Qg4 Bxf2+ 34. Kh1 Bxe1 35. Rxf7 Qxh6+ 36. Nh3 Kxf7 37. Qd7+ Kf6 38. Qd6+ Kf7 39. Qd7+ Kg8 40. Qxc8+ Qf8 41. Qe6+ Qf7 42. Qc8+ Kg7 43. Nf4 Bxg3 44. Qc3+ Kh6 45. Qxg3 Qf5 46. Qh4+ Kg7 47. Qe7+ Kh6 48. Qh4+ Kg7 49. Qe7+ Kg8 50. Qe8+ Qf8 51. Qe6+ Qf7 52. Qc8+ Kg7 53. Qc3+ Qf6 54. Ne6+ Kf7 55. Nd8+ Ke7 56. Qc7+ Kf8 0-1

[Event "December 12 Early 2023"]
[Site "https://www.chess.com"]
[Date "2023.12.12"]
[Round "11"]
[White "Bardyk, Artem"]
[Black "Yelisieiev, Yevhenii"]
[Result "1-0"]
[Board "55"]
[TimeControl "180+1"]
[WhiteFideId "34349979"]
[BlackFideId "14139642"]
[WhiteElo "2745"]
[BlackElo "2570"]
[WhiteTeam "RUS"]
[BlackTeam "GER"]
[WhiteClock "0:00:21"]
[BlackClock "0:00:03"]

1. e4 d6 2. d4 Nf6 3. Nc3 e5 4. dxe5 dxe5 5. Qxd8+ Kxd8 6. f4 Bb4 7. Bd2 exf4 8. O-O-O Nbd7 9. Bd3 Ng4 10. Nh3 Ne3 11. Bxe3 fxe3 12. Rhf1 f6 13. Nd5 Bd2+ 14. Kb1 Ne5 15. Nhf4 Nxd3 16. cxd3 Bg4 17. Rf3 Bxf3 18. gxf3 c6 19. Nc3 g5 20. Nfe2 h5 21. d4 g4 22. Rf1 Kc7 23. Kc2 Raf8 24. Kd3 f5 25. e5 f4 26. Ne4 Rhg8 27. Nf6 gxf3 28. Rxf3 Rg2 29. Nxf4 Rxh2 30. Ne6+ Kb6 31. Nxf8 e2 32. Kxd2 h4 33. e6 h3 34. e7 Rh1 35. Kxe2 h2 36. Rh3 Rb1 37. e8=Q h1=Q 38. Rxh1 Rxh1 39. Qd8+ Ka6 40. N8d7 Rh2+ 41. Kd3 Rxb2 42. Nc5+ Kb5 43. a4+ Kb4 44. Nxb7 Rb3+ 45. Ke4 Kxa4 46. Nc5+ Ka3 47. Nxb3 Kxb3 48. Qa5 1-0

[Event "December 12 Early 2023"]
[Site "https://www.chess.com"]
[Date "2023.12.12"]
[Round "11"]
[White "Silva Lucena, Cristian"]
[Black "Hua, Lefong"]
[Result "0-1"]
[Board "56"]
[TimeControl "180+1"]
[WhiteFideId "2232588"]
[BlackFideId "2602253"]
[WhiteElo "2539"]
[BlackElo "2661"]
[WhiteTeam "ESP"]
[BlackTeam "CAN"]
[WhiteClock "0:00:50"]
[BlackClock "0:00:32"]

1. d4 Nf6 2. c4 c5 3. Nf3 g6 4. Nc3 Bg7 5. g3 O-O 6. Bg2 d6 7. O-O Nc6 8. dxc5 dxc5 9. Be3 Be6 10. Bxc5 Bxc4 11. Rc1 Qxd1 12. Rfxd1 Rfd8 13. b3 Ba6 14. e3 Rac8 15. Bf1 Bxf1 16. Kxf1 b6 17. Ba3 Rxd1+ 18. Nxd1 Nd7 19. Ke2 e6 20. h4 Bf8 21. Bxf8 Kxf8 22. Nb2 Nd4+ 23. Nxd4 Rxc1 24. Nd3 Rc8 25. b4 e5 26. Nb5 Rc2+ 27. Kf3 Rxa2 28. Nd6 f5 29. e4 Ke7 30. Nc4 Ke6 31. h5 a5 32. bxa5 bxa5 33. g4 fxg4+ 34. Kxg4 gxh5+ 35. Kxh5 Rc2 36. Ne3 Rc3 37. Nb2 Nc5 38. Nd5 Rb3 39. Nc4 a4 40. f4 exf4 41. Nxf4+ Ke7 42. Nd5+ Kd8 43. e5 a3 0-1

[Event "December 12 Early 2023"]
[Site "https://www.chess.com"]
[Date "2023.12.12"]
[Round "11"]
[White "Tokhirjonova, Gulrukhbegim"]
[Black "Estrada Nieto, Julian"]
[Result "1/2-1/2"]
[Board "57"]
[TimeControl "180+1"]
[WhiteFideId "14203626"]
[BlackFideId "5101018"]
[WhiteElo "2657"]
[BlackElo "2536"]
[WhiteTeam "USA"]
[BlackTeam "ESP"]
[WhiteClock "0:01:02"]
[BlackClock "0:00:23"]

1. e4 e5 2. Nf3 Nc6 3. Nc3 Nf6 4. Bc4 Bc5 5. d3 d6 6. h3 h6 7. Be3 Bb6 8. Nd5 Nxd5 9. Bxd5 Ne7 10. Bb3 Ng6 11. Qd2 Be6 12. d4 O-O 13. O-O-O Bxb3 14. axb3 Re8 15. dxe5 Nxe5 16. Nxe5 Rxe5 17. f3 Bxe3 18. Qxe3 Qe7 19. Qc3 Re8 20. Kb1 a5 21. Rd4 Rc5 22. Qd2 Re5 23. Rd1 f5 24. exf5 Rxf5 25. Rd5 Qe6 26. Qxa5 Rxd5 27. Rxd5 Qe1+ 28. Ka2 Qxa5+ 29. Rxa5 Re2 30. c4 Rxg2 31. Ra7 Rg3 32. h4 Rxf3 33. Rxb7 g5 34. hxg5 hxg5 35. Rxc7 g4 36. Rc6 Rd3 37. c5 g3 38. cxd6 g2 39. Rc1 Rxd6 40. Rg1 Ra6+ 41. Kb1 Rg6 42. b4 Kf7 43. b5 Ke6 44. b6 Kd7 45. Kc2 Kc6 46. Kd2 Kxb6 47. Ke2 Kb5 48. Kf2 Kb4 49. Rxg2 Rxg2+ 50. Kxg2 Kb3 51. Kf3 Kxb2 1/2-1/2

[Event "December 12 Early 2023"]
[Site "https://www.chess.com"]
[Date "2023.12.12"]
[Round "11"]
[White "Kislinsky, Alexey"]
[Black "Play, Gilles"]
[Result "1-0"]
[Board "58"]
[TimeControl "180+1"]
[WhiteFideId "14108801"]
[BlackFideId "45130892"]
[WhiteElo "2650"]
[BlackElo "2527"]
[WhiteTeam "CZE"]
[BlackTeam "FRA"]
[WhiteClock "0:00:27"]
[BlackClock "0:01:10"]

1. e4 d5 2. exd5 Nf6 3. Bb5+ Bd7 4. Bxd7+ Qxd7 5. d4 Qxd5 6. Nf3 Nc6 7. O-O O-O-O 8. c3 e5 9. Qa4 exd4 10. cxd4 Nxd4 11. Nxd4 Qxd4 12. Qb3 Qh4 13. Nd2 Bd6 14. Nf3 Qh5 15. h3 g5 16. Nxg5 Rhg8 17. Nxf7 Rxg2+ 18. Kxg2 Rg8+ 19. Kh1 Bg3 20. Qe6+ Kb8 21. Ng5 Re8 22. Qxf6 Qe2 23. Be3 Rxe3 24. Qd8# 1-0

[Event "December 12 Early 2023"]
[Site "https://www.chess.com"]
[Date "2023.12.12"]
[Round "11"]
[White "Krzywda, Andrzej"]
[Black "Skliarov, Viktor"]
[Result "0-1"]
[Board "59"]
[TimeControl "180+1"]
[WhiteFideId "1114565"]
[BlackFideId "14106736"]
[WhiteElo "2516"]
[BlackElo "2643"]
[WhiteTeam "POL"]
[BlackTeam "UKR"]
[WhiteClock "0:00:00"]
[BlackClock "0:00:03"]

1. e4 c5 2. Nf3 Nc6 3. d4 cxd4 4. Nxd4 Nf6 5. Nc3 e5 6. Ndb5 d6 7. Bg5 a6 8. Na3 b5 9. Nd5 Be7 10. Bxf6 Bxf6 11. c4 b4 12. Nc2 a5 13. Qf3 Be6 14. Nxf6+ Qxf6 15. Qxf6 gxf6 16. Rd1 Ke7 17. Be2 a4 18. h3 b3 19. axb3 axb3 20. Ne3 Nd4 21. Bg4 Ra2 22. Rb1 Rha8 23. Kd2 R2a4 24. Rhc1 R8a5 25. Bd1 Rc5 26. Rc3 Bxc4 27. Rbc1 Be6 28. Rxc5 dxc5 29. Rxc5 Kd6 30. Rc1 Ra2 31. Rb1 Kc5 32. Kc3 Nb5+ 33. Kd2 Kd4 34. Be2 Nc3 35. Nc2+ bxc2 36. bxc3+ Kxe4 37. Rb4+ Kf5 38. Bd3+ Kg5 39. Bxc2 Bf5 40. f4+ exf4 41. h4+ Kh6 42. Rb5 Bxc2 43. Ke1 Be4 44. Kf1 Bxg2+ 45. Kg1 f3 46. Rb6 Kg7 47. Rb8 Bh3 0-1

[Event "December 12 Early 2023"]
[Site "https://www.chess.com"]
[Date "2023.12.12"]
[Round "11"]
[White "Berezin, Viktor"]
[Black "Renjith, Sravan"]
[Result "1-0"]
[Board "60"]
[TimeControl "180+1"]
[WhiteFideId "14107872"]
[BlackFideId "4306783"]
[WhiteElo "2512"]
[BlackElo "2635"]
[WhiteTeam "UKR"]
[BlackTeam "NZL"]
[WhiteClock "0:00:29"]
[BlackClock "0:01:34"]

1. d4 a6 2. Nf3 b5 3. e3 Bb7 4. c4 b4 5. a3 e6 6. axb4 Bxb4+ 7. Bd2 Be7 8. Nc3 f5 9. Qb3 Qc8 10. Bd3 Nf6 11. Ne5 O-O 12. f4 Nc6 13. O-O d6 14. Nf3 Rb8 15. Qd1 Nb4 16. Bb1 c5 17. d5 exd5 18. cxd5 Nfxd5 19. Nxd5 Nxd5 20. e4 fxe4 21. Bxe4 Ne3 22. Qb3+ d5 23. Bxh7+ Kxh7 24. Qxe3 Bf6 25. Qd3+ Kg8 26. Rae1 Bxb2 27. Qg6 Qf5 28. Qg3 Bf6 29. Ne5 Rbe8 30. Ng6 Rxe1 31. Rxe1 Rf7 32. Re8+ Kh7 33. Rh8# 1-0

[Event "December 12 Early 2023"]
[Site "https://www.chess.com"]
[Date "2023.12.12"]
[Round "11"]
[White "Iljin, Timofey"]
[Black "Skatchkov, Valery"]
[Result "1-0"]
[Board "61"]
[TimeControl "180+1"]
[WhiteFideId "14110180"]
[BlackFideId "24195812"]
[WhiteElo "2511"]
[BlackElo "2629"]
[WhiteTeam "UKR"]
[BlackTeam "RUS"]
[WhiteClock "0:00:48"]
[BlackClock "0:01:16"]

1. e4 e5 2. Nf3 d5 3. d4 dxe4 4. Nxe5 Bd6 5. Nc4 Nc6 6. Nxd6+ Qxd6 7. c3 Nge7 8. Be2 O-O 9. O-O Be6 10. Nd2 f5 11. Nc4 Qd7 12. Bf4 Nd5 13. Be5 b5 14. Ne3 Nxe3 15. fxe3 Nxe5 16. dxe5 Qc6 17. Qd4 Rfd8 18. Qb4 Rab8 19. Rfd1 Qb6 20. Kf2 a5 21. Qe7 Re8 22. Qh4 Qc5 23. Qf4 Bc4 24. Rd7 b4 25. Bxc4+ Qxc4 26. Qg5 1-0

[Event "December 12 Early 2023"]
[Site "https://www.chess.com"]
[Date "2023.12.12"]
[Round "11"]
[White "Bazilius, Augustinas"]
[Black "Antunez Soler, Luis"]
[Result "0-1"]
[Board "62"]
[TimeControl "180+1"]
[WhiteFideId "12832251"]
[BlackFideId "3513335"]
[WhiteElo "2453"]
[BlackElo "2626"]
[WhiteTeam "LTU"]
[BlackTeam "CUB"]
[WhiteClock "0:00:00"]
[BlackClock "0:01:13"]

1. d4 d5 2. c4 c6 3. Nf3 Nf6 4. g3 g6 5. Bg2 Bg7 6. cxd5 cxd5 7. O-O O-O 8. Ne5 Nc6 9. Nxc6 bxc6 10. Nc3 Bf5 11. Na4 Ne4 12. b3 e5 13. Bb2 Re8 14. dxe5 Bxe5 15. Bxe5 Rxe5 16. Rc1 Rc8 17. Qd4 Re7 18. Bf3 Ng5 19. Rfd1 Nxf3+ 20. exf3 h5 21. Re1 Qe8 22. Rxe7 Qxe7 23. Qe3 Qa3 24. Qd2 h4 25. Nc5 Re8 26. Na4 Re2 27. Qxe2 Qxc1+ 28. Qf1 Qd2 29. Qa1 h3 30. Nc5 d4 31. a4 Bc2 0-1